 Dungeon Crawl Stone Soup version 0.17.1-3-g152610e (webtiles) character file.

79 Gargoyl the Skirmisher (level 4, -16/36 HPs)
             Began as a Demonspawn Abyssal Knight on Mar 9, 2016.
             Was a Believer of Lugonu.
             Demolished by a goblin
             ... wielding a +2 dagger of electrocution
             ... led by Robin
              (20 damage)
             ... on level 2 of the Dungeon.
             The game lasted 00:03:24 (1935 turns).

Gargoyl the Skirmisher (Demonspawn Abyssal Knight)  Turns: 1935, Time: 00:03:24

Health: -16/36     AC: 11    Str: 13    XL:     4   Next: 17%
Magic:  6/6        EV:  3    Int: 13    God:    Lugonu [**....]
Gold:   122        SH:  0    Dex: 13    Spells: 0 memorised, 3 levels left

rFire  . . .     SeeInvis .     a - +1 hand axe
rCold  . . .     Clarity  .     i - +0 plate armour
rNeg   . . .     SustAt   .     (no shield)
rPois  .         Gourm    .     (no helmet)
rElec  .         Spirit   .     (no cloak)
rCorr  .         Warding  .     (no gloves)
rMut   .         Stasis   .     (no boots)
MR     .....                    (no amulet)
Stlth  ..........               (no ring)
                                (no ring)

@: not resistant to hostile enchantments, extremely unstealthy
A: talons 2
a: Depart the Abyss, Bend Space, Renounce Religion


You were on level 2 of the Dungeon.
You worshipped Lugonu.
Lugonu was pleased with you.
You were not hungry.

You visited 1 branch of the dungeon, and saw 2 of its levels.
You visited the Abyss 1 time.

You collected 122 gold pieces.

Inventory:

Hand Weapons
 a - a +1 hand axe (weapon)
Armour
 i - a +0 plate armour (worn)
Scrolls
 d - a scroll of noise {unknown}
 f - 3 scrolls of remove curse {unknown}
 g - a scroll of immolation {unknown}
 h - 2 scrolls of blinking {unknown}
 j - 3 scrolls of identify {unknown}
 k - a scroll of magic mapping {unknown}
 o - a scroll of teleportation {unknown}
Potions
 e - a potion of magic {unknown}
 l - a potion of lignification {unknown}
 n - a potion of might {unknown}
Comestibles
 b - 5 fruits
 c - 2 bread rations
 m - a meat ration


   Skills:
 + Level 3.6 Fighting
 + Level 2.1 Axes
 + Level 2.9 Armour
 + Level 1.2 Dodging
 + Level 3.0 Invocations


You had 3 spell levels left.
You didn't know any spells.

Dungeon Overview and Level Annotations

Branches:
Dungeon (2/15)

Altars:

Annotations:
D:2 Robin


Innate Abilities, Weirdness & Mutations

You have razor-sharp toenails.


Message History

Unknown command.
The goblin unwields an uncursed hunting sling.
The goblin wields an uncursed dagger of electrocution.
You hear the crackle of electricity.
The goblin hits you but does no damage. x2
Your plate armour prevents you from hitting the goblin.
You claw the goblin.
You kill the goblin!
Lugonu accepts your kill.
You closely miss the goblin. You hit Robin.
Robin is lightly wounded.
The goblin hits you but does no damage.
You are electrocuted!
Ouch! That really hurt!
* * * LOW HITPOINT WARNING * * *
Robin hits you but does no damage.
The goblin hits you with an uncursed dagger of electrocution.
* * * LOW HITPOINT WARNING * * *
You are electrocuted!
Ouch! That really hurt!
You die...

.........# .........#
...... .........# ......
.........# ......
.........# ......
.........# ......
......())#+##### ......
.......g.†.....# .......
........@g.....# .......
...............# #......
#########......####.#####
#...........# #
#...........#####
#...........##...
#####........'...
#......)##...
#......###...


You could see Robin and a goblin (frenzied).

Vanquished Creatures
  2 adders (D:2)
  A giant gecko (D:2)
  4 giant cockroaches
  11 hobgoblins
  4 jackals (D:1)
  3 kobolds (D:1)
  A ball python (D:2)
  3 bats
  7 giant newts (D:2)
  10 goblins
  9 rats
55 creatures vanquished.

Vanquished Creatures (others)
  A goblin (D:2)
1 creature vanquished.

Grand Total: 56 creatures vanquished

Notes
Turn   | Place    | Note
--------------------------------------------------------------
     0 | Abyss:1  | Gargoyl the Demonspawn Abyssal Knight began the quest for the Orb.
     0 | Abyss:1  | Reached XP level 1. HP: 18/18 MP: 2/2
    39 | Abyss:1  | Noticed a raiju
    47 | Abyss:1  | Noticed a raiju
    49 | Abyss:1  | Noticed a ynoxinul
    55 | D:1      | Escaped the Abyss
   298 | D:1      | Reached * piety under Lugonu
   468 | D:1      | Gained mutation: You have sharp toenails. [demonic ancestry]
   468 | D:1      | Reached XP level 2. HP: 24/24 MP: 4/4
   528 | D:1      | Reached skill level 1 in Dodging
  1369 | D:2      | Reached XP level 3. HP: 25/29 MP: 5/5
  1487 | D:2      | Reached ** piety under Lugonu
  1917 | D:2      | Gained mutation: You have razor-sharp toenails. [demonic ancestry]
  1917 | D:2      | Reached XP level 4. HP: 32/36 MP: 6/6
  1922 | D:2      | Noticed Robin
  1935 | D:2      | Demolished by a goblin

Action                   |  1- 3 |  4- 6 || total
-------------------------+-------+-------++-------
Melee: Hand axe          |   157 |     9 ||   166
Invok: Depart the Abyss  |     1 |       ||     1
  Eat: Chunk             |     4 |       ||     4
